Cogmind - Beta 14 @@@ ROGUE MODE // 2024.10.12 @ 05:34:53 Player: KURIIRI Result: Destroyed by Y-45 Defender with Heavy Assault Rifle Performance ------------- Evolutions (0) 0 Regions Visited (2) 400 Robots Destroyed (29) 145 Value Destroyed (655) 655 Prototype IDs (4) 80 Alien Tech Used (0) 0 Bonus (0) 0 TOTAL SCORE: 1280 Bonus ------- None Cogmind --------- Core Integrity 0/250 Matter 295/300 Energy 62/100 System Corruption 0% Temperature Cool (9) Movement Core (350) Ox6 Location -10/Mines Parts ------- > --- POWER (1) -------- (None) > --- PROPULSION (2) --- Light Treads > --- UTILITY (2) ------ Large Storage Unit > --- WEAPON (2) ------- (None) > --- INVENTORY (15) --- Light Nuclear Core Light Treads Improved Heat Sink Hacking Suite Small Laser Small Laser Light Assault Rifle Grenade Launcher Grenade Launcher Datajack Peak State ------------ > --- POWER ------------ Ion Engine > --- PROPULSION ------- Aluminum Leg Aluminum Leg > --- UTILITY ---------- Small Storage Unit Medium Storage Unit > --- WEAPON ----------- Medium Laser Light Assault Rifle > --- INVENTORY -------- Light Treads Compact Wheel Improved Heat Sink Seismic Detector Grenade Launcher Grenade Launcher Datajack Mining Laser [Rating: 8] Favorites ----------- Power Ion Engine Engine Ion Engine Propulsion Light Treads Treads Light Treads Leg Aluminum Leg Wheel Compact Wheel Utility Small Storage Unit Device Seismic Detector Storage Small Storage Unit Weapon Light Assault Rifle Energy Gun EM Pulse Gun Ballistic Gun Light Assault Rifle Launcher Grenade Launcher Special Weapon Mining Laser Build | -11 -10 -10 ------- Run | Yrd Mat Min Slots Evolved . | . . . Power . | . . . Propulsion . | . . . Utility . | . . . Weapon . | . . . Parts Attached 25 | 8 15 2 Power 2 | 1 1 . Engine 2 | 1 1 . Core . | . . . Reactor . | . . . Propulsion 9 | 4 4 1 Treads 4 | 2 2 . Leg 4 | 2 2 . Wheel 1 | . . 1 Hover . | . . . Flight . | . . . Utility 5 | 1 4 . Device 2 | . 2 . Storage 3 | 1 2 . Processor . | . . . Hackware . | . . . Protection . | . . . Artifact . | . . . Weapon 9 | 2 6 1 Energy Gun 5 | 1 4 . Energy Cannon . | . . . Ballistic Gun 1 | 1 . . Ballistic Cannon . | . . . Launcher 1 | . 1 . Special Weapon 2 | . 1 1 Impact Weapon . | . . . Slashing Weapon . | . . . Piercing Weapon . | . . . Special Melee Weapon . | . . . Unidentified Prototypes . | . . . Parts Lost 11 | . 5 6 Power 2 | . 1 1 Propulsion 2 | . . 2 Utility 2 | . 2 . Weapon 5 | . 2 3 Highest Loss Streak 3 | . 2 3 To Critical Strikes . | . . . Average Slot Usage (%) 89 | . 91 77 Engine 12 | . 12 12 Treads 16 | . 14 24 Leg 11 | . 13 . Device 6 | . 7 . Storage 14 | . 14 14 Energy Gun 14 | . 13 19 Ballistic Gun 10 | . 12 . Launcher 1 | . 1 . Peak Build Rating 8 | 6 8 7 Average Rating 6 | 4 6 6 On Entrance 4 | . 6 7 Naked Turns . | . . . Heaviest Build 29 | 13 29 29 Greatest Support 40 | 40 40 40 Greatest Overweight (x) 6 | . 1 6 Average Overweight (x) . | . . . Largest Inventory Capacity 15 | 8 15 15 Average Capacity 10 | 6 10 15 Most Carried 12 | 1 11 12 Average Carried 7 | . 6 11 Final Capacity 15 | 8 15 15 Final Carried 11 | 1 11 10 Class Distribution -------------------- 100% | Mutant Dominant Class ---------------- Mutant | -10/Materials Mutant | -10/Mines Resources | -11 -10 -10 ----------- Run | Yrd Mat Min Matter Collected 521 | 183 338 . Remotely . | . . . Salvage Created 950 | . 895 55 Parts 65 | . 59 6 Haulers Intercepted 2 | . 2 . Recyclers Shooed . | . . . Parts Field Recycled . | . . . Retrieved Matter . | . . . Parts Self-Destructed . | . . . Prevented . | . . . Kills | -11 -10 -10 ------- Run | Yrd Mat Min Combat Hostiles Destroyed 20 | . 17 3 Guns 17 | . 14 3 AOE 2 | . 2 . Classes Destroyed 8 | . 8 . Worker 1 | . 1 . Builder 1 | . 1 . Hauler 2 | . 2 . Recycler 1 | . 1 . Operator 1 | . 1 . Watcher 3 | . 3 . Swarmer 6 | . 3 3 Grunt 14 | . 14 . Best Kill Streak 7 | . 7 3 Combat Bots Only 4 | . 4 3 Max Kills in Single Turn 1 | . 1 1 Gunslinging . | . . . Exploded 1 | . 1 . Melee . | . . . Uniques/NPCs Destroyed . | . . . Combat | -11 -10 -10 -------- Run | Yrd Mat Min Hostile Shots Fired 155 | . 106 49 Missed 37 | . 26 11 Damage Taken 1422 | . 990 432 Core 261 | . 126 135 Absorbed by Shields . | . . . Core Remaining (%) 100 | 100 . . Volleys Fired 103 | 1 88 14 Largest 2 | 1 2 2 Hottest 120 | 20 120 100 Shots Fired 187 | 1 164 22 Gun 176 | 1 159 16 Cannon . | . . . Launcher 3 | . 3 . Special 8 | . 2 6 Kinetic 79 | 1 78 . Thermal 45 | . 39 6 Explosive 3 | . 3 . Electromagnetic 60 | . 44 16 Robot Hit Streak 12 | 1 12 5 Robot Miss Streak 3 | . 3 1 Penetration Max . | . . . Secondary Targets 3 | . 2 1 Max Gunslinging Chain 1 | . 1 1 Shots Hit Robots 118 | 1 107 10 Core Hits 49 | 1 45 3 Critical Kills . | . . . Critical Parts Destroyed . | . . . Critical Strikes 6 | . 6 . Burn 5 | . 5 . Corrupt 1 | . 1 . Melee Attacks . | . . . Impact . | . . . Slashing . | . . . Piercing . | . . . Sneak Attacks . | . . . Combat Hostiles . | . . . Follow-up Attacks . | . . . Damage Inflicted 1441 | 10 1310 121 Guns 1237 | 8 1108 121 Cannons . | . . . Explosions 202 | . 202 . Melee . | . . . Ramming 2 | 2 . . Kinetic 413 | 8 405 . Thermal 334 | . 334 . Explosive 145 | . 145 . Electromagnetic 547 | . 426 121 Impact . | . . . Slashing . | . . . Piercing . | . . . Highest Corruption . | . . . Average Corruption . | . . . Corruption Purged . | . . . Corruption Blocked . | . . . Overload Shots . | . . . Overflow Damage 4 | . 4 . Projectiles . | . . . Explosions 4 | . 4 . Melee . | . . . Knockbacks . | . . . Impact . | . . . Kinetic . | . . . Secondary . | . . . Self-Inflicted Damage 56 | . 56 . Shots 3 | . 3 . Rammed 1 | 1 . . Targets Rammed 1 | 1 . . Kicked . | . . . Crushed . | . . . Highest Temperature 228 | . 228 144 Average Temperature 54 | . 54 55 Received Heat Transfer 558 | . 459 99 Siege Activations . | . . . Robots Corrupted 1 | . 1 . Combat Hostiles 1 | . 1 . Parts Fried 5 | . 4 1 Impact Corruptions . | . . . Robots Melted . | . . . Combat Hostiles . | . . . Parts Melted 4 | . 4 . Heat Transferred 1284 | . 1284 . Parts Sabotaged . | . . . Parts Stolen . | . . . Parts Stripped . | . . . Power Chain Reactions 1 | . 1 . Alert | -11 -10 -10 ------- Run | Yrd Mat Min Peak Influence 229 | . 229 107 Initial 42 | . . 42 Average 103 | . 114 93 Maximum Alert Level 1 | . 1 . Low Security (%) 95 | 100 94 100 Level 1 4 | . 5 . Level 2 . | . . . Level 3 . | . . . Level 4 . | . . . Level 5 . | . . . High Security . | . . . Max Security . | . . . Squads Dispatched 5 | . 5 . Investigation 4 | . 4 . Extermination . | . . . Reinforcement 1 | . 1 . Assault . | . . . Garrison . | . . . Intercept . | . . . Searches Triggered . | . . . Construction Impeded . | . . . Haulers Reinforced . | . . . Active Scanning Responses . | . . . Cargo Convoy Interrupts . | . . . Stealth | -11 -10 -10 --------- Run | Yrd Mat Min Distress Signals 2 | . 2 . Communications Jammed . | . . . Distress Signals . | . . . Times Spotted 27 | . 22 5 Peak Tracking Total 4 | . 4 3 Tactical Retreats . | . . . Traps | -11 -10 -10 ------- Run | Yrd Mat Min Traps Triggered 1 | . 1 . Indirectly . | . . . Trap Hack Attempts . | . . . Triggered . | . . . Disarmed . | . . . Reprogrammed . | . . . Reused . | . . . Traps Extracted . | . . . Installed . | . . . Triggered . | . . . Machines | -11 -10 -10 ---------- Run | Yrd Mat Min Machines Disabled . | . . . Max in Single Turn . | . . . Machines Repaired . | . . . Machines Dismantled . | . . . Machines Sabotaged . | . . . Overloaded Fab Kills . | . . . Hacking | -11 -10 -10 --------- Run | Yrd Mat Min Machines Accessed 4 | . 4 . Terminals 4 | . 4 . Fabricators . | . . . Repair Stations . | . . . Recycling Units . | . . . Scanalyzers . | . . . Garrison Access . | . . . Total Hacks 21 | . 21 . Successful 15 | . 15 . Failed 6 | . 6 . Catastrophic . | . . . Database Lockouts . | . . . Manual 17 | . 17 . Terminals 21 | . 21 . Fabricators . | . . . Repair Stations . | . . . Recycling Units . | . . . Scanalyzers . | . . . Garrison Access . | . . . Terminal Hacks 9 | . 9 . Robot Analysis 4 | . 4 . Prototype ID Bank 2 | . 2 . Terminal Index 1 | . 1 . Unreport Threat 2 | . 2 . Fabricator Hacks . | . . . Repair Station Hacks . | . . . Recycling Unit Hacks . | . . . Scanalyzer . | . . . Garrison Access Hacks . | . . . Unauthorized Hacks 6 | . 6 . Terminals 6 | . 6 . Assimilate 2 | . 2 . Botnet 3 | . 3 . Operators 1 | . 1 . Fabricators . | . . . Repair Stations . | . . . Recycling Units . | . . . Scanalyzers . | . . . Garrison Access . | . . . Data Cores Recovered . | . . . Used . | . . . Hacking Detections 4 | . 4 . Full Trace Events 3 | . 3 . Feedback Events . | . . . Feedback Blocked . | . . . Robot Schematics Acquired . | . . . Robots Built . | . . . Authchips . | . . . Time . | . . . Total Robot Build Rating . | . . . Part Schematics Acquired . | . . . Parts Built . | . . . Authchips . | . . . Time . | . . . Total Part Build Rating . | . . . Parts Repaired . | . . . Time . | . . . Parts Recycled . | . . . Recycled Matter . | . . . Retrieved Matter . | . . . Retrieved Components . | . . . Parts Scanalyzed . | . . . Part Schematics Acquired . | . . . Parts Damaged . | . . . Bothacking | -11 -10 -10 ------------ Run | Yrd Mat Min Used RIF Installer . | . . . Robots Hacked . | . . . Non-combat . | . . . Combat . | . . . Robot Hacks Applied . | . . . Relay Couplers Released . | . . . Fabnet Peak Effective % . | . . . Robots Rewired . | . . . Allies Hacked . | . . . Hacks Repelled . | . . . Allies | -11 -10 -10 -------- Run | Yrd Mat Min Total Allies 1 | . 1 . Largest Group 1 | . 1 . Highest-Rated Group 10 | . 10 . Highest-Rated Ally 10 | . 10 . Total Orders 3 | . 2 1 STAY 2 | . 1 1 FOLLOW 1 | . 1 . Ally Attacks . | . . . Total Damage . | . . . Kills . | . . . Allies Corrupted . | . . . Allies Melted . | . . . Intel | -11 -10 -10 ------- Run | Yrd Mat Min Robot Analysis Total 4 | . 4 . Derelict Logs Recovered . | . . . Drone Launches . | . . . Drone Recoveries . | . . . Exploration | -11 -10 -10 ------------- Run | Yrd Mat Min Turns Passed 1587 | 110 1247 230 Spaces Moved 845 | 70 658 117 Core 16 | 15 . 1 Treads 426 | 52 287 87 Legs 374 | 3 371 . Wheels 29 | . . 29 Hover . | . . . Flight . | . . . Fastest Speed 50 | 50 120 115 Average Speed 139 | 134 137 151 Slowest Speed 350 | 160 190 350 Overloaded Moves . | . . . Propulsion Burnouts . | . . . Robots Hopped . | . . . Cave-ins Triggered . | . . . Exploration Rate (%) 38 | 4 86 26 Regions Visited 2 Branch Regions 1 Pre-discovered Areas . | . . . Known Exits Taken . | . . . Unknown Exits Taken 2 | 1 1 . Scrap Searched . | . . . Spaces Dug 7 | . 1 6 Terrain Destroyed 28 | . 22 6 Melee . | . . . Projectile 8 | . 2 6 AOE 20 | . 20 . Terrain Rammed . | . . . Walls Destroyed . | . . . Machines Disabled . | . . . Actions | -11 -10 -10 --------- Run | Yrd Mat Min Total 1061 | 80 845 136 Wait 66 | . 64 2 Move 843 | 69 657 117 Hop . | . . . Pick Up 17 | 1 15 1 Fast Attach 11 | 6 5 . Attach 4 | . 2 2 Detach 1 | . 1 . Swap 10 | 2 8 . Drop 5 | . 5 . Fire 103 | 1 88 14 Melee . | . . . Ram . | . . . Kick . | . . . Crush 1 | 1 . . Escape Stasis . | . . . Rewire . | . . . Trap . | . . . Miscellaneous . | . . . Route ------- -11/Scrapyard -10/Materials (discovered 4 exits: [*Mat x3] / [*Min]) -10/Mines History --------- Turn | Location | Event 6 | -11/Scrapyard | Discovered new exit (range 15) 111 | -11/Scrapyard | Entered Materials 266 | -10/Materials | Discovered new exit (range 3) 308 | -10/Materials | Build established: Mutant 655 | -10/Materials | Discovered new exit (range 10) 721 | -10/Materials | Discovered new exit (range 15) 1035 | -10/Materials | Discovered new exit (range 5) 1302 | -10/Materials | Core integrity fell below 50% 1358 | -10/Materials | Entered Mines 1358 | -10/Mines | Accompanied by 1 ally 1411 | -10/Mines | Met a Derelict bent on vengeance 1421 | -10/Mines | Assembled infested the area 1552 | -10/Mines | Lost 3 parts (1n2w) 1565 | -10/Mines | Core integrity fell below 20% 1588 | -10/Mines | Destroyed by Y-45 Defender with Heavy Assault Rifle Last Messages --------------- 01421_ ALERT: Infestation in the mines, dispatching Demolisher response squad. 01431_ K-01 Serf collects debris. 01435_ R-06 Scavenger collects Lgt. Assault Rifle. 01437_ K-01 Serf collects debris. 01438_ R-06 Scavenger collects Flight Unit. 01442_ K-01 Serf collects debris. 01447_ R-06 Scavenger collects Lgt. Ion Engine. 01451_ K-01 Serf collects debris. 01451_ R-06 Scavenger collects Flight Unit. 01456_ R-06 Scavenger collects Corrupted Flight Unit. 01457_ K-01 Serf collects debris. 01500_ EM Pulse Gun destroyed. 01521_ Lgt. Treads destroyed. 01560_ Ion Engine destroyed. 01575_ The unstable cave ceiling collapses. 01585_ Mining Laser destroyed. 01585_ Com. Wheel destroyed. Map ----- +----------------------------------------------------+ | | | | | | | | | | | | | | | | | | | | | | | | | | | | | | | | | ?????????????????????????????????????????????????? | | ?????????????????????????????????????????????????? | | ?????????????????????????????????????????????????? | | ??????????????#??????????????????????????????????? | | ??????????????? ?????????????????????????????????? | | ???????????????? #####????????###########????????? | | ????????????????? #????????# #????????? | | ??????????????????# #????????# ## #????????? | | ??????????????????# ########## ## #????????? | | ??????????????????# @ Y ## #????????? | | ??????????????????# ##########;## """#????????? | | ????????????####### #????????# " """#????????? | | ???????????##" "## #????????#### """#????????? | | ???????????#!/ !!# ##?????????## #????????? | | ???????????#![ ]?# #??????????#"######????????? | | ????????????# ?# #??????????###?????????????? | | ?# ### #####++#### #??????????????????????????? | | # ## #??????????????????????????? | | # ## #??????????????????????????? | | ?# ####### ###############????????????? | | ???????????##### ##???????????? | | ???????????????### #???????????? | | ?????????????????## ######### #???????????? | | ?????????????????## ##??????# % #???????????? | | ?????????????????# ######## #??########## | | ????????????????# #??# | | ????????????????# ##??# ######## | | ???????????????# ######### ##???# #??????? | | ?????????????? ##??????## % ##????# #??????? | | ????????????? ##??????## % #####?# #??????? | | ????????????# ##?????### ### ######## | | ????????????## ??????## ## | | ?????????????## ??????# % ### ############ | | ??????????????# ?????# ####?# #??????????? | +----------------------------------------------------+ Best States ------------- Heat Dissipation 25 Energy Generation 10 Energy Capacity 250 Matter Stores 300 Matter Capacity 300 Sight Range 16 Terrain Scan Range 14 Terrain Scan Density 10 Evasion (%) 55 Recoil Reduction 2 Item Schematics ----------------- None Robot Schematics ------------------ None Fabricated ------------ Nothing Alien Tech Used ----------------- None Achievements -------------- None Challenges ------------ None Game ------ Seed ThermalInertialExpander Manual? 0 Play Time 00:13:42 Cumulative 116.4 hours Start 2024.10.12 @ 05:22:13 End 2024.10.12 @ 05:34:53 Sessions 1 Manual Loads 0 Difficulty Rogue Special Mode None Game No. 74 Rogue 38 Adventurer 36 Explorer 0 Win Type - Total 2 Types 2/0/0/0/0/0/0/0/0 Lore% 52 Gallery% 58 Achievement% 51 Wizard Run 0 Options --------- Layout 1 ASCII 0 Keyboard 0 Movement Numpad Keybinds 0 Fullscreen 1 Font 48/Smallcaps Map View 50x35 Zoom Use 0% Tactical HUD 1 Map Filters NONE Filters NONE Steam 1 RUN: 1abb3824-195d-42a5-8b68-5f3fd5077aba